 Dungeon Crawl Stone Soup version 0.27.1-33-g824d729ab1 (webtiles) character file.

Game seed: 4017348773854402430

2531 sking99 the Grappler (level 9, -2/91 HPs)
             Began as a Troll Monk on Dec 8, 2021.
             Was an Elder of Okawaru.
             Slain by a vampire mosquito (6 damage)
             ... on level 7 of the Dungeon.
             The game lasted 00:06:29 (5199 turns).

sking99 the Grappler (Troll Monk)                   Turns: 5199, Time: 00:06:30

Health: -2/91      AC:  4    Str: 21    XL:     9   Next: 29%
Magic:  0/10       EV: 10    Int:  6    God:    Okawaru [****..]
Gold:   352        SH:  0    Dex: 15    Spells: 8/8 levels left

rFire    . . .     SeeInvis .     - Unarmed
rCold    . . .     Faith    .   (no shield)
rNeg     . . .     Spirit   +   a - +0 robe
rPois    .         Reflect  .   (helmet restricted)
rElec    .         Harm     .   (no cloak)
rCorr    +         Rampage  .   (gloves unavailable)
Will     .....                  (boots unavailable)
Stlth    ++........             j - amulet of guardian spirit
HPRegen  1.25/turn              n - ring of resist corrosion
MPRegen  0.12/turn              (no ring)

@: no status effects
A: large, unfitting armour, claws 3, regeneration 1, shaggy fur 1, tough skin 1
a: Renounce Religion, Heroism


You were on level 7 of the Dungeon.
You worshipped Okawaru.
Okawaru was greatly pleased with you.
You visited 1 branch of the dungeon, and saw 7 of its levels.

You collected 352 gold pieces.

Inventory:

Armour
 a - a +0 robe (worn)
Jewellery
 j - an amulet of guardian spirit (around neck)
 n - a ring of resist corrosion (left claw)
Wands
 f - a wand of charming (25)
 i - a wand of acid (8)
 m - a wand of iceblast (10)
 s - a wand of flame (27)
Scrolls
 b - 2 scrolls of teleportation {unknown}
 c - a scroll of torment {unknown}
 e - a scroll of summoning {unknown}
 g - a scroll of acquirement {unknown}
 h - 10 scrolls of identify {unknown}
 l - a scroll of blinking {unknown}
 o - a scroll of fear {unknown}
 q - 2 scrolls of brand weapon {unknown}
 v - 2 scrolls of magic mapping {unknown}
Potions
 d - 2 potions of brilliance {unknown}
 k - 2 potions of attraction {unknown}
 p - 2 potions of lignification {unknown}
 r - a potion of heal wounds {unknown}
 t - a potion of resistance {unknown}
 u - a potion of might {unknown}
 w - a potion of haste {unknown}
 x - 2 potions of curing {unknown}


   Skills:
 + Level 6.3 Fighting
 - Level 2.4 Dodging
 - Level 1.0 Stealth
 * Level 10.3 Unarmed Combat
 - Level 3.0 Invocations


You had 8 spell levels left.
You didn't know any spells.
Your spell library contained the following spells:

 Spells                   Type           Power      Damage    Failure   Level
 Animate Skeleton         Necr           0%         N/A       45%         1
 Pain                     Necr           0%         1d4       45%         1
 Call Canine Familiar     Summ           0%         N/A       83%         3
 Portal Projectile        Hex/Tloc       0%         N/A       83%         3
 Vampiric Draining        Necr           0%         2d6       83%         3
 Leda's Liquefaction      Hex/Erth       0%         N/A       99%         4


Dungeon Overview and Level Annotations

Branches:
Dungeon (7/15)
 Temple: D:4-7

Altars:
Okawaru
Sif Muna
Trog
Vehumet
Xom


Innate Abilities, Weirdness & Mutations

You are too large for most types of armour.
You have claws for hands.
Your natural rate of healing is unusually fast.
You are covered in fur. (AC +1)
You have tough skin. (AC +1)


Message History

The water moccasin is severely wounded.
The water moccasin barely misses you.
You barely miss the water moccasin. Your claw misses the water moccasin.
The water moccasin is severely wounded.
The water moccasin bites you.
* * * LOW HITPOINT WARNING * * *
You scratch the water moccasin.
The water moccasin is severely wounded.
The water moccasin barely misses you.
You barely miss the water moccasin.
The water moccasin is severely wounded.
The water moccasin bites you.
* * * LOW HITPOINT WARNING * * *
You claw the water moccasin!
You kill the water moccasin!
Okawaru accepts your kill. The vampire mosquito bites you!
* * * LOW HITPOINT WARNING * * *
The vampire mosquito draws strength from your injuries!
You scratch the vampire mosquito.
The vampire mosquito is lightly damaged.
The vampire mosquito bites you but does no damage.
You mangle the vampire mosquito!! Your claw misses the vampire mosquito.
The vampire mosquito is almost destroyed.
The vampire mosquito bites you.
* * * LOW HITPOINT WARNING * * *
The vampire mosquito draws strength from your injuries!
The vampire mosquito closely misses you.
You barely miss the vampire mosquito.
The vampire mosquito is almost destroyed.
The vampire mosquito bites you!
* * * LOW HITPOINT WARNING * * *
The vampire mosquito draws strength from your injuries!
The vampire mosquito closely misses you.
The vampire mosquito bites you.
* * * LOW HITPOINT WARNING * * *
The vampire mosquito draws strength from your injuries!
There is a stone staircase leading down here.
The vampire mosquito bites you.
You die...

###.###.## #.........
..##############.#.......
.........).......#####.##
#^######.#.####### #.#
####.# #.#.# #.#
#....######.#.# #.#
#.#........#..# #..
#......####@### ###
#.....####y# #...$.)..>.#
# ##.<...######
#.#!.....# #..#..###
##...## ##.## #..


You could see a vampire mosquito.

Vanquished Creatures
  Prince Ribbit (D:6)
  Sigmund (D:2)
  A steam dragon (D:5)
  A vampire mosquito (D:7)
  Edmund (D:6)
  A water moccasin (D:7)
  An orc warrior (D:7)
  An ice beast (D:6)
  A necrophage (D:5)
  A hornet zombie (D:6)
  2 ogres
  A phantom (D:5)
  A centaur (D:6)
  Blork the orc (D:6)
  2 scorpions
  2 water moccasin zombies (D:5)
  A howler monkey (D:4)
  A bullfrog zombie (D:5)
  6 orc priests
  A jelly (D:6)
  4 hounds
  A bullfrog skeleton (D:4)
  A centaur skeleton (D:7)
  2 orc wizards
  Terence (D:2)
  Natasha (D:2)
  An iguana (D:6)
  A hound zombie (D:5)
  A hound skeleton (D:4)
  5 adders
  An ufetubus (D:5)
  3 worms
  2 dart slugs (D:3)
  13 orcs
  3 bats (D:2)
  8 endoplasms
  3 giant cockroaches
  3 goblins
  4 hobgoblins
  4 kobolds
  3 quokkas
  4 ball pythons
  3 frilled lizards
  A rat (D:1)
101 creatures vanquished.

Vanquished Creatures (others)
  A deep elf pyromancer (D:7)
  A centaur zombie (D:7)
  3 plants (D:7)
5 creatures vanquished.

Grand Total: 106 creatures vanquished

Notes
Turn   | Place    | Note
-------+----------+-------------------------------------------
     0 | D:1      | sking99 the Troll Monk began the quest for the Orb.
     0 | D:1      | Reached XP level 1. HP: 22/22 MP: 0/0
   392 | D:1      | Reached XP level 2. HP: 29/29 MP: 1/1
   767 | D:2      | Found a faded altar of an unknown god.
   843 | D:2      | Noticed Terence
   861 | D:2      | Killed Terence
   862 | D:2      | Reached skill level 4 in Unarmed Combat
   862 | D:2      | Reached XP level 3. HP: 34/36 MP: 2/2
  1009 | D:2      | Noticed Natasha
  1018 | D:2      | Killed Natasha
  1019 | D:2      | Reached XP level 4. HP: 34/45 MP: 3/3
  1054 | D:2      | Noticed Sigmund
  1091 | D:2      | Killed Sigmund
  1092 | D:2      | Reached skill level 5 in Unarmed Combat
  1092 | D:2      | Reached XP level 5. HP: 17/54 MP: 4/4
  1978 | D:3      | Reached XP level 6. HP: 51/62 MP: 5/5
  2241 | D:3      | Found an iron altar of Okawaru.
  2251 | D:3      | Found a shimmering blue altar of Sif Muna.
  2253 | D:3      | Found a bloodstained altar of Trog.
  2263 | D:3      | Became a worshipper of Warmaster Okawaru
  2263 | D:3      | Reached * piety under Okawaru
  2263 | D:3      | Reached ** piety under Okawaru
  2423 | D:4      | Reached skill level 6 in Unarmed Combat
  2466 | D:4      | Found a radiant altar of Vehumet.
  2595 | D:4      | Reached skill level 1 in Invocations
  2624 | D:4      | Found a shimmering altar of Xom.
  3030 | D:4      | Reached XP level 7. HP: 70/70 MP: 5/7
  3289 | D:5      | Entered Level 5 of the Dungeon
  3404 | D:5      | Reached skill level 7 in Unarmed Combat
  3421 | D:5      | Reached *** piety under Okawaru
  3478 | D:5      | Identified the +8 falchion of Distant Shores {pain, rElec
                  | rPois rCorr Str-2}
  3491 | D:5      | Reached XP level 8. HP: 54/79 MP: 3/9
  3637 | D:5      | Reached skill level 5 in Fighting
  3637 | D:5      | Reached skill level 8 in Unarmed Combat
  3982 | D:6      | Noticed Blork the orc
  3990 | D:6      | Killed Blork the orc
  3990 | D:6      | Reached **** piety under Okawaru
  4061 | D:6      | Noticed Edmund
  4071 | D:6      | Killed Edmund
  4101 | D:6      | Noticed Prince Ribbit
  4155 | D:6      | Killed Prince Ribbit
  4156 | D:6      | Reached skill level 9 in Unarmed Combat
  4592 | D:6      | Reached XP level 9. HP: 89/89 MP: 10/10
  5081 | D:7      | Noticed a deep elf pyromancer
  5098 | D:7      | Killed a deep elf pyromancer
  5174 | D:7      | Reached skill level 10 in Unarmed Combat
  5195 | D:7      | HP: 1/91 [vampire mosquito (8)]
  5199 | D:7      | Slain by a vampire mosquito

Illustrated notes

Levels and vault maps discovered:
D:1:      grunt_arrival_crossed_arrows, layout_loops_ring
D:2:      layout_basic, ebering_ecumenical_altar_rust,
          kennysheep_generic_room_2, uniq_sigmund, uniq_terence, uniq_natasha
D:3:      layout_loops_corners, minitemple, moated_statue
D:4:      layout_cave_pods, mainiacjoe_overflow_boulevard,
          nicolae_overflow_crystal_walls, eino_curves_01, chequers_jeans
D:5:      layout_rooms
D:6:      layout_basic, uniq_blork_the_orc, uniq_edmund, uniq_prince_ribbit1
D:7:      layout_loops_ring, minmay_temple_entry_overgrown, the_hattery

Skill      XL: |  1  2  3  4  5  6  7  8  9 |
---------------+----------------------------+-----
Unarmed Combat | 4 5 6 7 9 10 | 10.3
Fighting       | 3 4 5 6 |  6.3
Invocations    | 1 2 3 |  3.0
Dodging        | |  2.4
Stealth        | |  1.0

Action                   |  1- 3 |  4- 6 |  7- 9 || total
-------------------------+-------+-------+-------++-------
Melee: Unarmed           |    66 |   100 |   161 ||   327
       Punch             |       |     2 |     4 ||     6
Invok: Heroism           |       |     1 |     4 ||     5
 Stab: Sleeping          |     1 |     5 |     2 ||     8
Armor: Robe              |    20 |    27 |    26 ||    73
Dodge: Dodged            |    34 |    44 |    68 ||   146
